Map: Abyssal Reef LE

Players

SpeCIaL - Winner!

  • Race: Terran Terran
  • Spawn Location: 5:00

Neeb

  • Race: Protoss Protoss
  • Spawn Location: 11:00

Event: WCS Jonkoping 2017

VOD

https://youtu.be/e02scO_NQ98

Description

Time

  • Played on: June 19, 2017, 9:56 a.m.
  • Length: 10:41

All games in this series

Show
View Real Time Build Order
Export as new Build Order

SpeCIaL Terran - Winner!

Build Orders: Cyclone Opening, Reaper Expand, MMM Bio 

Get SALT Encoding   

  12  0:00  SCV  
  13  0:13  SCV  
  14  0:17  Supply Depot  
  14  0:25  SCV  
  14  0:27  Refinery  
  15  0:39  SCV  
  16  0:44  Barracks  
  16  0:51  SCV  
  17  1:03  SCV  
  18  1:15  SCV  
  19  1:31  Orbital Command  
  19  1:32  Reaper  
  20  1:44  Command Center  
  20  1:55  Factory  
  20  1:59  SCV  
  21  2:06  Barracks Reactor  
  21  2:08  Refinery  
  21  2:11  SCV  
  22  2:16  Supply Depot  
  22  2:24  SCV  
  23  2:38  SCV  
  23  2:39  Cyclone  
  23  2:42  Marine x2  
  29  2:56  SCV  
  30  2:58  Orbital Command  
  30  3:00  Starport  
  30  3:02  Marine  
  30  3:04  Marine  
  32  3:17  Cyclone  
  35  3:21  SCV  
  35  3:24  Marine  
  35  3:26  Marine  
  36  3:32  SCV  
  36  3:33  SCV  
  38  3:39  Medivac  
  40  3:44  Marine  
  40  3:45  Marine  
  40  3:47  SCV  
  43  3:49  SCV  
  43  3:50  Widow Mine  
  46  3:55  Supply Depot  
  46  4:11  Supply Depot  
  46  4:17  Marine x2, SCV x2, Viking  
  46  4:24  Widow Mine  
  51  4:25  Barracks  
  51  4:29  SCV  
  54  4:34  Marine x2  
  54  4:38  SCV  
  57  4:41  SCV  
  58  4:49  Starport Tech Lab  
  58  4:52  Marine x2  
  57  4:54  Barracks  
  54  5:02  SCV x2  
  54  5:03  Factory Tech Lab  
  56  5:10  Marine x2  
  55  5:14  SCV x2  
  55  5:16  Engineering Bay, Supply Depot  
  57  5:28  Marine x2  
  57  5:31  Marine  
  57  5:32  Stimpack, Starport Reactor  
  57  5:35  SCV x2  
  60  5:39  Supply Depot  
  60  5:40  Refinery  
  60  5:43  Factory Reactor  
  60  5:44  Terran Infantry Weapons Level 1  
  60  5:45  Supply Depot  
  60  5:46  Marine x2  
  62  5:52  Marine, Combat Shields  
  62  5:53  Marine  
  62  5:55  SCV  
  62  5:56  SCV  
  66  6:00  Barracks  
  66  6:02  Barracks  
  66  6:03  Marine x2  
  68  6:08  SCV  
  68  6:11  Marauder x2  
  73  6:12  Supply Depot  
  73  6:14  Medivac  
  73  6:15  SCV, Medivac  
  73  6:18  Refinery  
  78  6:20  SCV  
  78  6:21  Marine x2  
  78  6:24  Widow Mine  
  83  6:30  Widow Mine  
  85  6:34  Marauder, SCV x2  
  85  6:36  Supply Depot  
  85  6:39  Marine x2  
  91  6:48  Medivac  
  91  6:49  Barracks Tech Lab  
  93  6:54  Barracks Reactor  
  93  6:57  Marine x2, Medivac  
  93  6:58  Missile Turret  
  93  6:59  Marine x2  
  99  7:01  Widow Mine  
  99  7:07  Supply Depot  
  99  7:08  Supply Depot  
  101  7:14  Marauder  
  101  7:15  Marine, Concussive Shells  
  102  7:27  Missile Turret  
  102  7:28  Marine, Widow Mine  
  102  7:29  Marauder x2  
  109  7:33  Marine  
  109  7:35  Marine  
  106  7:38  Medivac x2  
  106  7:42  Widow Mine  
  112  7:44  SCV  
  112  7:45  SCV  
  112  7:50  Marauder  
  114  7:56  Widow Mine  
  114  7:58  Supply Depot x2  
  116  7:59  Command Center  
  116  8:00  Terran Infantry Armor Level 1  
  116  8:12  Marauder, Marine x2  
  104  8:18  Marine x3  
  104  8:19  Marauder, Widow Mine  
  102  8:22  SCV  
  102  8:25  Widow Mine  
  107  8:28  Medivac  
  107  8:29  Marine  
  107  8:30  Medivac  
  112  8:35  Marine  
  112  8:36  Marauder  
  113  8:45  SCV x2  
  114  8:50  Marine  
  114  8:51  Marauder  
  117  8:57  SCV x2  
  117  8:58  Medivac  
  117  9:00  Medivac  
  123  9:04  Marine x2  
  123  9:05  Marauder  
  123  9:08  Widow Mine x2  
  128  9:18  Marauder, Marine x2  
  128  9:19  Marauder  
  128  9:24  SCV  
  131  9:26  Marauder  
  128  9:34  Marine x2  
  128  9:36  Marine  
  128  9:37  Medivac  
  124  9:39  Marauder  
  124  9:40  Orbital Command  
  124  9:49  Marine  
  124  9:50  Marauder  
  123  9:53  Marauder, Marine  
  123  9:55  Widow Mine x2  
  128  10:00  SCV x2  
  128  10:02  Marine  
  128  10:03  Marauder  
  128  10:06  SCV  
  130  10:11  Marauder, Marine  
  130  10:12  SCV  
  132  10:15  Marauder  
Show
View Real Time Build Order
Export as new Build Order

Neeb Protoss 

Build Orders: 1 Gate Expand, Oracle Opening 

Get SALT Encoding   

  12  0:00  Probe (Chrono Boost)  
  13  0:11  Probe (Chrono Boost)  
  14  0:16  Pylon  
  14  0:21  Probe (Chrono Boost)  
  15  0:35  Probe (Chrono Boost)  
  16  0:36  Gateway  
  16  0:44  Assimilator  
  16  0:45  Probe (Chrono Boost)  
  17  0:56  Probe (Chrono Boost)  
  18  1:06  Probe (Chrono Boost)  
  19  1:18  Nexus  
  19  1:22  Probe (Chrono Boost)  
  20  1:33  Cybernetics Core  
  20  1:35  Probe (Chrono Boost)  
  21  1:42  Assimilator  
  21  1:45  Probe (Chrono Boost)  
  22  1:54  Pylon  
  22  1:56  Probe (Chrono Boost)  
  23  2:12  Adept (Chrono Boost)  
  23  2:13  Mothership Core (Chrono Boost)  
  27  2:19  Warp Gate  
  27  2:29  Probe (Chrono Boost)  
  27  2:31  Probe (Chrono Boost)  
  29  2:39  Probe, Adept (Chrono Boost)  
  29  2:43  Probe  
  33  2:50  Probe  
  33  2:53  Pylon  
  33  2:55  Pylon, Probe  
  35  3:00  Probe, Stargate  
  36  3:07  Probe  
  36  3:11  Probe  
  36  3:19  Probe  
  38  3:22  Probe  
  39  3:31  Probe (Chrono Boost)  
  39  3:33  Probe (Chrono Boost)  
  41  3:43  Probe (Chrono Boost)  
  41  3:44  Gateway  
  41  3:46  Gateway  
  41  3:47  Oracle (Chrono Boost)  
  41  3:48  Probe  
  44  3:53  Pylon  
  45  3:59  Probe  
  45  4:00  Pylon  
  46  4:09  Probe  
  46  4:11  Probe  
  48  4:20  Probe, Phoenix (Chrono Boost)  
  48  4:23  Probe  
  52  4:24  Adept  
  52  4:30  Probe  
  54  4:32  Nexus  
  54  4:35  Probe  
  54  4:41  Probe  
  54  4:44  Phoenix (Chrono Boost)  
  57  4:46  Adept  
  57  4:50  Adept x2  
  62  4:57  Probe  
  62  4:58  Probe  
  62  5:09  Pylon  
  62  5:17  Forge, Twilight Council  
  62  5:20  Assimilator  
  62  5:23  Pylon  
  62  5:24  Assimilator  
  62  5:25  Probe  
  62  5:27  Probe, Phoenix (Chrono Boost)  
  66  5:36  Probe  
  66  5:39  Probe  
  68  5:44  Pylon  
  68  5:45  Probe, Protoss Ground Weapons Level 1  
  68  5:46  Probe  
  68  5:47  Phoenix (Chrono Boost)  
  72  5:51  Probe  
  72  5:56  Probe  
  71  5:58  Probe  
  71  6:00  Resonating Glaives (Chrono Boost)  
  71  6:03  Probe  
  71  6:04  Gateway  
  74  6:05  Gateway  
  74  6:08  Gateway, Robotics Facility  
  74  6:09  Probe, Phoenix  
  75  6:14  Probe  
  75  6:16  Probe  
  79  6:21  Probe  
  79  6:23  Sentry, Adept  
  79  6:24  Adept  
  86  6:26  Pylon  
  86  6:30  Phoenix  
  86  6:33  Probe x2  
  90  6:40  Photon Cannon  
  89  6:47  Adept x3  
  89  6:51  Pylon  
  89  6:52  Phoenix  
  95  6:56  Observer  
  95  6:59  Photon Cannon  
  95  7:00  Pylon  
  98  7:05  Gateway  
  98  7:08  Adept x2  
  98  7:10  Gateway  
  98  7:14  Probe x3  
  99  7:17  Phoenix  
  102  7:23  Observer  
  102  7:26  Adept x3  
  108  7:39  Phoenix, Adept x3  
  116  7:47  Pylon x2  
  115  7:56  Adept x3  
  121  8:00  Phoenix  
  123  8:11  Protoss Ground Armor Level 1  
  113  8:15  Adept x5  
  113  8:16  Probe x3  
  113  8:17  Warp Prism  
  128  8:22  Adept x3  
  134  8:27  Pylon  
  132  8:45  Probe x3  
  132  8:46  Assimilator x2  
  135  8:55  Observer (Chrono Boost)  
  135  8:57  Probe x2  
  135  8:58  Nexus  
  137  9:03  Photon Cannon  
  134  9:18  Adept x3  
  134  9:21  Photon Cannon  
  116  9:52  Pylon  
  114  9:56  Pylon  
  114  9:59  Pylon  
  110  10:12  Adept x7  
  119  10:20  Mothership Core  
  121  10:22  Pylon x2  
  121  10:25  Pylon  
Tags
 
Add a new tag
Caveats
  • Supply blocks, unpowered buildings, or Contaminate may cause inaccurate times.
  • Supply counts are checked every 10 seconds.